Whalers vs Capitals

Created - 1 février 2018 at 20:05

Goals
1 2 3 T
Whalers 1 0 1 2
Capitals 1 2 1 4
Shots
1 2 3 T
Whalers 7 14 10 31
Capitals 9 14 12 35

1st period

1. Capitals , Darren Helm 5 (Anders Bjork 9, Brendan Smith 6) at 5:50
2. Whalers , Phil Kessel 17 (Dustin Byfuglien 29, Derek Stepan 32) at 14:24 (PP)

Penalties :
Brendan Smith (WAS) for Goalie Interference (Minor) at 14:09

2nd period

3. Capitals , Joakim Nordstrom 7 (Ben Chiarot 8, Anton Stralman 14) at 7:52
4. Capitals , Valtteri Filppula 18 (Josh Bailey 23, Oliver Ekman-Larsson 23) at 9:37

Penalties :
Dustin Byfuglien (HAR) for Interference (Minor) at 3:52, Darren Helm (WAS) for Goalie Interference (Minor) at 12:42

3rd period

5. Whalers , BROCK BOESER 9 (Scott Hartnell 16, Brooks Orpik 7) at 1:29
6. Capitals , Brandon Pirri 1 (Brady Skjei 10) at 3:34

Penalties :
BROCK BOESER (HAR) for Interference (Minor) at 7:48, Dustin Byfuglien (HAR) for Goalie Interference (Minor) at 15:17, Anders Bjork (WAS) for Roughing (Minor) at 19:25

Goalie Stats

Connor Hellebuyck (HAR), 31 saves from 35 shots - (0,886), L, 17-21-4, 60:00 minutes
Jonathan Quick (WAS), 29 saves from 31 shots - (0,935), W, 16-12-6, 60:00 minutes

Players Stats for Whalers

Player Name              G  A  P  +/- PIM S  H  SB GA TA FO     MP     PP MP  PK MP  
------------------------------------------------------------------------------------
Austin Watson            0  0  0  -1  0   0  5  0  0  1  3/10   17:58   1:01   0:40 
BROCK BOESER             1  0  1  -1  2   7  2  1  0  0  0/0    19:37   1:01   2:28 
Brooks Orpik             0  1  1  -2  0   0  1  0  0  0  0/0    27:34   2:06   3:32 
Byron Froese             0  0  0  -2  0   1  1  0  0  0  0/0     4:34   0:00   0:09 
Dennis Wideman           0  0  0   0  0   0  3  3  0  0  0/0    20:20   0:42   3:10 
Derek Stepan             0  1  1   0  0   3  2  0  1  0  17/36  19:46   1:47   1:01 
Drake Caggiula           0  0  0  -2  0   1  0  0  0  0  1/1     5:55   0:00   1:21 
Dustin Byfuglien         0  1  1  -2  4   3  6  3  0  1  0/0    25:53   2:06   1:16 
Jaycob Megna             0  0  0  -1  0   0  0  1  0  2  0/0    12:22   0:00   0:00 
Jonny Brodzinski         0  0  0   0  0   0  0  0  0  0  0/0     1:12   0:00   0:00 
Kris Versteeg            0  0  0   0  0   1  0  0  1  0  0/0    13:43   0:00   0:16 
Lance Bouma              0  0  0   0  0   2  1  0  0  0  2/5    13:27   0:00   0:00 
Loui Eriksson            0  0  0   0  0   1  1  0  1  0  1/4    19:46   1:47   1:01 
Mark Barberio            0  0  0   0  0   1  1  0  0  0  0/0    20:04   0:42   2:25 
Phil Kessel              1  0  1  -2  0   4  0  1  0  1  3/8    25:34   1:47   3:28 
Ryan Callahan            0  0  0   0  0   3  1  1  0  0  0/0    14:51   0:00   1:16 
Ryan Pulock              0  0  0  -1  0   0  0  1  0  1  0/0    14:07   0:00   1:45 
Scott Hartnell           0  1  1  -1  0   4  0  0  0  0  0/0    17:17   1:01   0:00 

Players Stats for Capitals

Player Name              G  A  P  +/- PIM S  H  SB GA TA FO     MP     PP MP  PK MP  
------------------------------------------------------------------------------------
Anders Bjork             0  1  1   2  2   3  1  1  1  0  0/1    14:09   0:00   1:07 
Anton Stralman           0  1  1   1  0   1  3  2  1  0  0/0    23:58   3:19   0:15 
Ben Chiarot              0  1  1   1  0   0  1  0  0  0  0/0    18:53   2:38   0:43 
Brady Skjei              0  1  1   1  0   1  1  2  0  0  0/0    20:16   2:38   2:05 
Brandon Pirri            1  0  1   1  0   3  1  0  0  0  0/0     8:44   0:00   0:00 
Brendan Smith            0  1  1   1  2   0  2  1  0  0  0/0    17:08   0:00   1:50 
Brock Nelson             0  0  0   0  0   2  1  1  0  0  0/0    17:39   2:45   0:00 
Claude Giroux            0  0  0   0  0   6  0  0  0  0  13/21  18:44   3:12   0:59 
Darren Helm              1  0  1   2  2   2  1  1  0  1  6/10   13:51   0:00   0:48 
Joakim Nordstrom         1  0  1   2  0   2  5  0  0  0  0/0    13:04   0:00   0:01 
Josh Bailey              0  1  1   0  0   1  2  1  0  0  1/1    18:22   3:12   0:07 
Nick Shore               0  0  0   1  0   0  0  0  1  0  0/0    10:25   0:00   1:40 
Oliver Ekman-Larsson     0  1  1   1  0   3  0  1  1  1  0/0    23:43   3:19   0:00 
Ondrej Palat             0  0  0   0  0   3  1  1  1  0  1/2    17:45   3:12   0:00 
Riley Sheahan            0  0  0   1  0   2  1  0  0  0  4/10    9:38   0:00   0:54 
Simon Despres            0  0  0   1  0   0  1  2  0  0  0/0    16:01   0:00   0:43 
Tobias Rieder            0  0  0   0  0   0  0  0  1  1  0/1    17:10   2:45   0:00 
Valtteri Filppula        1  0  1   0  0   6  1  0  0  0  12/18  17:39   2:45   0:00 

3 Stars

1 - Joakim Nordstrom (WAS)
2 - Brandon Pirri (WAS)
3 - Darren Helm (WAS)

Power Play

Whalers - 1 on 3 Attempt(s) - 33,33%
Capitals - 0 on 3 Attempt(s) - 0,00%

Penalty Kill

Whalers - 3 on 3 Attempt(s) - 100,00% - Score 0 goal in Penalty Kill
Capitals - 2 on 3 Attempt(s) - 66,67% - Score 0 goal in Penalty Kill

Team Stat

Whalers - Hits : 24 - Faceoff Wins : 27 - Blocked Shots : 11 - Penalty Minutes : 6
Capitals - Hits : 22 - Faceoff Wins : 37 - Blocked Shots : 13 - Penalty Minutes : 6

Official

Referees : Eric Furlatt and Wes McCauley
Linesman : Don Henderson and Pierre Racicot

Game Notes

No Game Note

Finance

Level 1 -- Attendance: 4581 (76,35%) -- Ticket Income 458 100 $
Level 2 -- Attendance: 3162 (63,24%) -- Ticket Income 221 340 $
Level 3 -- Attendance: 1416 (70,80%) -- Ticket Income 59 472 $
Level 4 -- Attendance: 2847 (71,18%) -- Ticket Income 71 175 $
Luxury Box -- Attendance: 816 (81,60%) -- Ticket Income 159 120 $
Game was played at the Washington Arena.
Total Attendance: 12822 (71,23%)
Total Ticket Income: 969 207 $
Other Income: 474 911 $
Total Income: 1 444 118 $

Whalers

5 vs 5 Forward 
   Center                   Left Wing                Right Wing               Time % Phy DF OF 
 1 Derek Stepan             Loui Eriksson            Phil Kessel              40     0   2  3  
 2 Austin Watson            Scott Hartnell           BROCK BOESER             30     0   2  3  
 3 Lance Bouma              Kris Versteeg            Ryan Callahan            20     0   2  3  
 4 Drake Caggiula           Phil Kessel              Byron Froese             10     0   2  3  

5 vs 5 Defense 
   Defense                  Defense                                           Time % Phy DF OF 
 1 Dustin Byfuglien         Brooks Orpik                                      40     0   2  3  
 2 Dennis Wideman           Mark Barberio                                     30     0   2  3  
 3 Jaycob Megna             Ryan Pulock                                       20     0   2  3  
 4 Dustin Byfuglien         Brooks Orpik                                      10     0   2  3  

PowerPlay Forward 
   Center                   Left Wing                Right Wing               Time % Phy DF OF 
 1 Derek Stepan             Loui Eriksson            Phil Kessel              60     0   2  3  
 2 Austin Watson            Scott Hartnell           BROCK BOESER             40     0   2  3  

PowerPlay Defense
   Defense                  Defense                                           Time % Phy DF OF 
 1 Dustin Byfuglien         Brooks Orpik                                      60     0   2  3  
 2 Dennis Wideman           Mark Barberio                                     40     0   2  3  

Penalty Kill 4 Players Forward 
   Center                   Wing                     Time % Phy DF OF 
 1 Phil Kessel              BROCK BOESER             60     1   2  2  
 2 Derek Stepan             Loui Eriksson            40     1   2  2  

Penalty Kill 4 Players Defense
   Defense                  Defense                  Time % Phy DF OF 
 1 Dustin Byfuglien         Brooks Orpik             60     1   2  2  
 2 Dennis Wideman           Mark Barberio            40     1   2  2  

Penalty Kill - 3 Players Forward 
   Forward                                           Time % Phy DF OF 
 1 Phil Kessel                                       60     1   2  2  
 2 BROCK BOESER                                      40     1   2  2  

Penalty Kill - 3 Players Defense
   Defense                  Defense                  Time % Phy DF OF 
 1 Dustin Byfuglien         Brooks Orpik             60     1   2  2  
 2 Dennis Wideman           Mark Barberio            40     1   2  2  

4 vs 4 Forward 
   Center                   Wing                     Time % Phy DF OF 
 1 Phil Kessel              BROCK BOESER             60     0   2  3  
 2 Derek Stepan             Loui Eriksson            40     0   2  3  

4 vs 4 Defense
   Defense                  Defense                  Time % Phy DF OF 
 1 Dustin Byfuglien         Brooks Orpik             60     0   2  3  
 2 Dennis Wideman           Mark Barberio            40     0   2  3  

Last Minutes Offensive
   Center                   Left Wing                Right Wing               Defense                  Defense                  
   Derek Stepan             Loui Eriksson            Phil Kessel              Dustin Byfuglien         Brooks Orpik             

Last Minutes Defensive
   Center                   Left Wing                Right Wing               Defense                  Defense                  
   Derek Stepan             Loui Eriksson            Phil Kessel              Dustin Byfuglien         Brooks Orpik             

Goaltenders
Starting : Connor Hellebuyck        
Backup : Louis Domingue           

Extra Forwards
Normal : Jonny Brodzinski, Kris Versteeg, Ryan Callahan - PP : Jonny Brodzinski, Kris Versteeg - PK : Ryan Callahan
Extra Defensemen
Normal : Jaycob Megna, Ryan Pulock, Dennis Wideman - PP : Jaycob Megna - PK : Ryan Pulock, Dennis Wideman
Penalty Shots
Dustin Byfuglien, Phil Kessel, BROCK BOESER, Derek Stepan, Loui Eriksson
Custom OT Lines Forwards
Dustin Byfuglien, Phil Kessel, BROCK BOESER, Derek Stepan, Loui Eriksson, Scott Hartnell, Kris Versteeg, Ryan Callahan, Austin Watson, Lance Bouma
Custom OT Lines Defensemen
Dustin Byfuglien, Brooks Orpik, Dennis Wideman, Mark Barberio, Jaycob Megna

Scratches
Kris Russell (Healthy), Blake Coleman (Healthy)

Capitals

5 vs 5 Forward 
   Center                   Left Wing                Right Wing               Time % Phy DF OF 
 1 Claude Giroux            Ondrej Palat             Tobias Rieder            30     0   2  3  
 2 Valtteri Filppula        Brock Nelson             Josh Bailey              30     0   1  4  
 3 Darren Helm              Anders Bjork             Joakim Nordstrom         25     0   2  3  
 4 Riley Sheahan            Brandon Pirri            Nick Shore               15     1   3  1  

5 vs 5 Defense 
   Defense                  Defense                                           Time % Phy DF OF 
 1 Oliver Ekman-Larsson     Anton Stralman                                    33     0   3  2  
 2 Brady Skjei              Ben Chiarot                                       30     0   3  2  
 3 Brendan Smith            Simon Despres                                     27     0   3  2  
 4 Oliver Ekman-Larsson     Anton Stralman                                    10     0   4  1  

PowerPlay Forward 
   Center                   Left Wing                Right Wing               Time % Phy DF OF 
 1 Claude Giroux            Ondrej Palat             Josh Bailey              60     0   0  5  
 2 Valtteri Filppula        Brock Nelson             Tobias Rieder            40     0   0  5  

PowerPlay Defense
   Defense                  Defense                                           Time % Phy DF OF 
 1 Oliver Ekman-Larsson     Anton Stralman                                    60     0   1  4  
 2 Brady Skjei              Ben Chiarot                                       40     0   1  4  

Penalty Kill 4 Players Forward 
   Center                   Wing                     Time % Phy DF OF 
 1 Darren Helm              Nick Shore               60     1   4  0  
 2 Riley Sheahan            Joakim Nordstrom         40     1   4  0  

Penalty Kill 4 Players Defense
   Defense                  Defense                  Time % Phy DF OF 
 1 Brady Skjei              Brendan Smith            60     1   4  0  
 2 Simon Despres            Ben Chiarot              40     1   4  0  

Penalty Kill - 3 Players Forward 
   Forward                                           Time % Phy DF OF 
 1 Darren Helm                                       60     0   5  0  
 2 Riley Sheahan                                     40     0   5  0  

Penalty Kill - 3 Players Defense
   Defense                  Defense                  Time % Phy DF OF 
 1 Brady Skjei              Brendan Smith            60     1   4  0  
 2 Simon Despres            Ben Chiarot              40     1   4  0  

4 vs 4 Forward 
   Center                   Wing                     Time % Phy DF OF 
 1 Claude Giroux            Ondrej Palat             60     0   2  3  
 2 Valtteri Filppula        Brock Nelson             40     0   2  3  

4 vs 4 Defense
   Defense                  Defense                  Time % Phy DF OF 
 1 Oliver Ekman-Larsson     Anton Stralman           60     0   3  2  
 2 Brady Skjei              Ben Chiarot              40     0   3  2  

Last Minutes Offensive
   Center                   Left Wing                Right Wing               Defense                  Defense                  
   Claude Giroux            Ondrej Palat             Josh Bailey              Oliver Ekman-Larsson     Anton Stralman           

Last Minutes Defensive
   Center                   Left Wing                Right Wing               Defense                  Defense                  
   Claude Giroux            Ondrej Palat             Josh Bailey              Oliver Ekman-Larsson     Anton Stralman           

Goaltenders
Starting : Jonathan Quick           
Backup : Antti Raanta             

Extra Forwards
Normal : Nick Shore, Darren Helm, Riley Sheahan - PP : Nick Shore, Darren Helm - PK : Riley Sheahan
Extra Defensemen
Normal : Brendan Smith, Brady Skjei, Anton Stralman - PP : Brendan Smith - PK : Brady Skjei, Simon Despres
Penalty Shots
Claude Giroux, Ondrej Palat, Valtteri Filppula, Brock Nelson, Josh Bailey
Custom OT Lines Forwards
Claude Giroux, Ondrej Palat, Valtteri Filppula, Brock Nelson, Josh Bailey, Tobias Rieder, Darren Helm, Riley Sheahan, Anders Bjork, Brandon Pirri
Custom OT Lines Defensemen
Oliver Ekman-Larsson, Anton Stralman, Brady Skjei, Ben Chiarot, Brendan Smith

Scratches
Drew Miller (Healthy), Jake Guentzel (Left Hip Injury), Zach Bogosian (Broken Bone (Right Arm) Injury)

% Time on Ice - Whalers

Lines # - Real PCT - Wanted PCT - Time Play
Normal Forward
1 - 33% - 40% - 17:07
2 - 32% - 30% - 16:16
3 - 26% - 20% - 13:27
4 - 9% - 10% - 4:25
Normal Defense
1 - 39% - 40% - 19:51
2 - 32% - 30% - 16:12
3 - 24% - 20% - 12:22
4 - 6% - 10% - 2:50
PP Forward
1 - 64% - 60% - 1:47
2 - 36% - 40% - 1:01
PP Defense
1 - 75% - 60% - 2:06
2 - 25% - 40% - 0:42
PK Forward
1 - 83% - 60% - 4:56
2 - 17% - 40% - 1:01
PK Defense
1 - 59% - 60% - 3:32
2 - 41% - 40% - 2:25
PK3 Forward
1 - 0% - 60%
2 - 0% - 40%
PK3 Defense
1 - 0% - 60%
2 - 0% - 40%
44 Forward
1 - 0% - 60%
2 - 0% - 40%
44 Defense
1 - 0% - 60%
2 - 0% - 40%
Last Minute Offensive  - 0:00
Last Minute Defensive  - 0:00
Total
Forward - 60:00
Defense - 60:00

% Time on Ice - Capitals

Lines # - Real PCT - Wanted PCT - Time Play
Normal Forward
1 - 28% - 30% - 14:34
2 - 29% - 30% - 14:54
3 - 25% - 25% - 13:03
4 - 17% - 15% - 8:44
Normal Defense
1 - 33% - 33% - 16:56
2 - 30% - 30% - 15:32
3 - 30% - 27% - 15:18
4 - 7% - 10% - 3:29
PP Forward
1 - 54% - 60% - 3:12
2 - 46% - 40% - 2:45
PP Defense
1 - 56% - 60% - 3:19
2 - 44% - 40% - 2:38
PK Forward
1 - 99% - 60% - 2:47
2 - 1% - 40% - 0:01
PK Defense
1 - 74% - 60% - 2:05
2 - 26% - 40% - 0:43
PK3 Forward
1 - 0% - 60%
2 - 0% - 40%
PK3 Defense
1 - 0% - 60%
2 - 0% - 40%
44 Forward
1 - 0% - 60%
2 - 0% - 40%
44 Defense
1 - 0% - 60%
2 - 0% - 40%
Last Minute Offensive  - 0:00
Last Minute Defensive  - 0:00
Total
Forward - 60:00
Defense - 60:00

Play by Play

1st period


0:01 of 1st period - Claude Giroux wins face-off versus Derek Stepan in neutral zone.
1:33 of 1st period - Snap shot by Josh Bailey.
1:33 of 1st period - Deflect By Brock Nelson.
1:33 of 1st period - Stopped by Connor Hellebuyck with a rebound.
1:56 of 1st period - Off-side.
1:57 of 1st period - Austin Watson wins face-off versus Tobias Rieder in neutral zone.
2:00 of 1st period - Oliver Ekman-Larsson is hit by Austin Watson and loses puck.
2:19 of 1st period - Slapshot by Ondrej Palat.
2:19 of 1st period - Shot Misses the Net.
2:43 of 1st period - Phil Kessel is hit by Joakim Nordstrom and loses puck.
3:32 of 1st period - Scott Hartnell is hit by Brandon Pirri and loses puck.
4:21 of 1st period - Riley Sheahan is hit by Dennis Wideman.
4:52 of 1st period - Darren Helm is hit by Dustin Byfuglien.
5:15 of 1st period - Ondrej Palat is hit by Derek Stepan and loses puck.
5:28 of 1st period - Snap shot by Josh Bailey.
5:28 of 1st period - Shot Blocked by Dustin Byfuglien.
5:50 of 1st period - Slapshot by Darren Helm.
5:50 of 1st period - Goal by Darren Helm - Whalers : 0 - Capitals : 1.
5:51 of 1st period - Valtteri Filppula wins face-off versus Derek Stepan in neutral zone.
6:24 of 1st period - Snap shot by Darren Helm.
6:24 of 1st period - Shot Blocked by Dennis Wideman.
6:26 of 1st period - Slapshot by Anton Stralman.
6:26 of 1st period - Deflect By Anders Bjork.
6:26 of 1st period - Shot Misses the Net.
6:26 of 1st period - Puck is out of play.
6:27 of 1st period - Darren Helm wins face-off versus Austin Watson in Whalers zone.
6:42 of 1st period - Snap shot by Scott Hartnell.
6:42 of 1st period - Shot Misses the Net.
7:00 of 1st period - Snap shot by Ondrej Palat.
7:00 of 1st period - Stopped by Connor Hellebuyck with a rebound.
7:20 of 1st period - Snap shot by Kris Versteeg.
7:20 of 1st period - Shot Misses the Net.
7:33 of 1st period - Off-side.
7:34 of 1st period - Riley Sheahan wins face-off versus Austin Watson in neutral zone.
8:27 of 1st period - Wrist shot by Lance Bouma.
8:27 of 1st period - Stopped by Jonathan Quick with a rebound.
8:59 of 1st period - Brock Nelson is hit by Austin Watson and loses puck.
9:04 of 1st period - Slapshot by Scott Hartnell.
9:04 of 1st period - Shot Misses the Net.
9:08 of 1st period - Snap shot by Scott Hartnell.
9:08 of 1st period - Shot Misses the Net.
9:22 of 1st period - Snap shot by Claude Giroux.
9:22 of 1st period - Stopped by Connor Hellebuyck with a rebound.
9:40 of 1st period - Slapshot by Brandon Pirri.
9:40 of 1st period - Shot Blocked by Ryan Pulock.
9:42 of 1st period - Snap shot by Simon Despres.
9:42 of 1st period - Deflect By Brandon Pirri.
9:42 of 1st period - Stopped by Connor Hellebuyck with a rebound.
9:44 of 1st period - Snap shot by Brandon Pirri.
9:44 of 1st period - Shot Misses the Net.
9:46 of 1st period - Snap shot by Nick Shore.
9:46 of 1st period - Shot Blocked by Jaycob Megna.
10:07 of 1st period - Icing by Anton Stralman.
10:08 of 1st period - Valtteri Filppula wins face-off versus Derek Stepan in Capitals zone.
10:43 of 1st period - Slapshot by BROCK BOESER.
10:43 of 1st period - Stopped by Jonathan Quick without a rebound.
10:44 of 1st period - Valtteri Filppula wins face-off versus Austin Watson in Capitals zone.
10:59 of 1st period - Backhand shot by Scott Hartnell.
10:59 of 1st period - Deflect By BROCK BOESER.
10:59 of 1st period - Stopped by Jonathan Quick with a rebound.
11:38 of 1st period - Slapshot by Derek Stepan.
11:38 of 1st period - Shot Misses the Net.
11:52 of 1st period - Joakim Nordstrom is hit by BROCK BOESER and loses puck.
12:05 of 1st period - Wrist shot by Phil Kessel.
12:05 of 1st period - Shot Misses the Net.
12:29 of 1st period - Slapshot by Brock Nelson.
12:29 of 1st period - Shot Blocked by Ryan Callahan.
13:03 of 1st period - Wrist shot by BROCK BOESER.
13:03 of 1st period - Stopped by Jonathan Quick without a rebound.
13:04 of 1st period - Austin Watson wins face-off versus Riley Sheahan in Capitals zone.
13:05 of 1st period - Snap shot by BROCK BOESER.
13:05 of 1st period - Shot Blocked by Brendan Smith.
13:11 of 1st period - Brandon Pirri is hit by BROCK BOESER and loses puck.
13:37 of 1st period - Dennis Wideman is hit by Brendan Smith.
14:09 of 1st period - Minor Penalty to Brendan Smith for Goalie Interference.
14:10 of 1st period - Derek Stepan wins face-off versus Anders Bjork in Capitals zone.
14:20 of 1st period - Snap shot by Derek Stepan.
14:20 of 1st period - Shot Misses the Net.
14:22 of 1st period - Slapshot by Dustin Byfuglien.
14:22 of 1st period - Shot Misses the Net.
14:24 of 1st period - Snap shot by Phil Kessel.
14:24 of 1st period - Goal by Phil Kessel - Whalers : 1 - Capitals : 1.
14:25 of 1st period - Derek Stepan wins face-off versus Valtteri Filppula in neutral zone.
14:33 of 1st period - Wrist shot by Derek Stepan.
14:33 of 1st period - Stopped by Jonathan Quick without a rebound.
14:34 of 1st period - Derek Stepan wins face-off versus Valtteri Filppula in Capitals zone.
14:39 of 1st period - Wrist shot by Derek Stepan.
14:39 of 1st period - Shot Blocked by Oliver Ekman-Larsson.
14:41 of 1st period - Snap shot by Loui Eriksson.
14:41 of 1st period - Stopped by Jonathan Quick without a rebound.
14:42 of 1st period - Derek Stepan wins face-off versus Claude Giroux in Capitals zone.
14:49 of 1st period - Snap shot by Phil Kessel.
14:49 of 1st period - Shot Blocked by Ondrej Palat.
15:13 of 1st period - Slapshot by Valtteri Filppula.
15:13 of 1st period - Stopped by Connor Hellebuyck with a rebound.
15:15 of 1st period - Snap shot by Anton Stralman.
15:15 of 1st period - Deflect By Josh Bailey.
15:15 of 1st period - Shot Misses the Net.
15:15 of 1st period - Puck is out of play.
15:16 of 1st period - Darren Helm wins face-off versus Derek Stepan in Whalers zone.
15:27 of 1st period - Ben Chiarot is hit by Derek Stepan and loses puck.
15:36 of 1st period - Ben Chiarot is hit by Dustin Byfuglien and loses puck.
16:04 of 1st period - Icing by Ben Chiarot.
16:05 of 1st period - Claude Giroux wins face-off versus Lance Bouma in Capitals zone.
16:20 of 1st period - Ryan Callahan is hit by Brock Nelson and loses puck.
17:04 of 1st period - Nick Shore is hit by Austin Watson and loses puck.
17:41 of 1st period - Wrist shot by Valtteri Filppula.
17:41 of 1st period - Stopped by Connor Hellebuyck without a rebound.
17:42 of 1st period - Ondrej Palat wins face-off versus Derek Stepan in Whalers zone.
17:43 of 1st period - Wrist shot by Claude Giroux.
17:43 of 1st period - Stopped by Connor Hellebuyck without a rebound.
17:44 of 1st period - Derek Stepan wins face-off versus Claude Giroux in Whalers zone.
17:57 of 1st period - Brooks Orpik is hit by Ondrej Palat and loses puck.
18:54 of 1st period - Wrist shot by Claude Giroux.
18:54 of 1st period - Stopped by Connor Hellebuyck without a rebound.
18:55 of 1st period - Derek Stepan wins face-off versus Claude Giroux in Whalers zone.
19:14 of 1st period - Anton Stralman is hit by Loui Eriksson.
Goals for this period are 1 for Whalers vs 1 for Capitals.
Shots for this period are 7 for Whalers vs 9 for Capitals.

2nd period


0:01 of 2nd period - Derek Stepan wins face-off versus Valtteri Filppula in neutral zone.
0:26 of 2nd period - Austin Watson is hit by Darren Helm.
0:34 of 2nd period - Slapshot by Scott Hartnell.
0:34 of 2nd period - Stopped by Jonathan Quick with a rebound.
0:54 of 2nd period - Brendan Smith is hit by Byron Froese.
1:29 of 2nd period - Wrist shot by BROCK BOESER.
1:29 of 2nd period - Shot Misses the Net.
1:31 of 2nd period - Wrist shot by Scott Hartnell.
1:31 of 2nd period - Stopped by Jonathan Quick with a rebound.
1:33 of 2nd period - Snap shot by Austin Watson.
1:33 of 2nd period - Shot Misses the Net.
1:43 of 2nd period - Loui Eriksson is hit by Joakim Nordstrom and loses puck.
2:06 of 2nd period - Slapshot by Dustin Byfuglien.
2:06 of 2nd period - Stopped by Jonathan Quick with a rebound.
2:28 of 2nd period - Snap shot by Brandon Pirri.
2:28 of 2nd period - Shot Misses the Net.
2:30 of 2nd period - Snap shot by Riley Sheahan.
2:30 of 2nd period - Shot Blocked by Phil Kessel.
2:40 of 2nd period - Josh Bailey is hit by Dennis Wideman and loses puck.
2:45 of 2nd period - Wrist shot by Lance Bouma.
2:45 of 2nd period - Stopped by Jonathan Quick with a rebound.
2:47 of 2nd period - Snap shot by Ryan Pulock.
2:47 of 2nd period - Shot Misses the Net.
3:24 of 2nd period - Claude Giroux is hit by Brooks Orpik and loses puck.
3:31 of 2nd period - Wrist shot by Ondrej Palat.
3:31 of 2nd period - Shot Misses the Net.
3:52 of 2nd period - Minor Penalty to Dustin Byfuglien for Interference.
3:53 of 2nd period - Claude Giroux wins face-off versus Phil Kessel in Whalers zone.
3:57 of 2nd period - Snap shot by Ondrej Palat.
3:57 of 2nd period - Stopped by Connor Hellebuyck without a rebound.
3:58 of 2nd period - Claude Giroux wins face-off versus Phil Kessel in Whalers zone.
4:37 of 2nd period - Off-side.
4:38 of 2nd period - Derek Stepan wins face-off versus Ondrej Palat in neutral zone.
4:49 of 2nd period - Brooks Orpik is hit by Ben Chiarot and loses puck.
5:04 of 2nd period - BROCK BOESER is hit by Brady Skjei and loses puck.
5:13 of 2nd period - Slapshot by Oliver Ekman-Larsson.
5:13 of 2nd period - Stopped by Connor Hellebuyck with a rebound.
5:52 of 2nd period - Penalty to Dustin Byfuglien is over, Dustin Byfuglien is back on ice.
5:59 of 2nd period - Wrist shot by Brandon Pirri.
5:59 of 2nd period - Stopped by Connor Hellebuyck without a rebound.
6:00 of 2nd period - Lance Bouma wins face-off versus Riley Sheahan in Whalers zone.
6:00 of 2nd period - Lance Bouma is hit by Simon Despres.
6:22 of 2nd period - Snap shot by Anders Bjork.
6:22 of 2nd period - Stopped by Connor Hellebuyck with a rebound.
6:58 of 2nd period - Ondrej Palat is hit by Ryan Callahan and loses puck.
7:24 of 2nd period - Off-side.
7:25 of 2nd period - Valtteri Filppula wins face-off versus Loui Eriksson in neutral zone.
7:48 of 2nd period - Slapshot by Anton Stralman.
7:48 of 2nd period - Stopped by Connor Hellebuyck with a rebound.
7:50 of 2nd period - Slapshot by Ben Chiarot.
7:50 of 2nd period - Shot Blocked by Dustin Byfuglien.
7:52 of 2nd period - Wrist shot by Joakim Nordstrom.
7:52 of 2nd period - Goal by Joakim Nordstrom - Whalers : 1 - Capitals : 2.
7:53 of 2nd period - Valtteri Filppula wins face-off versus Phil Kessel in neutral zone.
8:02 of 2nd period - Wrist shot by Josh Bailey.
8:02 of 2nd period - Shot Misses the Net.
8:25 of 2nd period - Joakim Nordstrom is hit by Austin Watson and loses puck.
8:42 of 2nd period - Slapshot by Ondrej Palat.
8:42 of 2nd period - Stopped by Connor Hellebuyck without a rebound.
8:43 of 2nd period - Claude Giroux wins face-off versus Lance Bouma in Whalers zone.
8:44 of 2nd period - Snap shot by Ondrej Palat.
8:44 of 2nd period - Shot Misses the Net.
8:46 of 2nd period - Snap shot by Ondrej Palat.
8:46 of 2nd period - Shot Misses the Net.
8:48 of 2nd period - Slapshot by Brady Skjei.
8:48 of 2nd period - Stopped by Connor Hellebuyck without a rebound.
8:49 of 2nd period - Josh Bailey wins face-off versus Derek Stepan in Whalers zone.
8:56 of 2nd period - Backhand shot by Valtteri Filppula.
8:56 of 2nd period - Stopped by Connor Hellebuyck with a rebound.
8:58 of 2nd period - Wrist shot by Brock Nelson.
8:58 of 2nd period - Stopped by Connor Hellebuyck with a rebound.
9:02 of 2nd period - Wrist shot by Josh Bailey.
9:02 of 2nd period - Deflect By Valtteri Filppula.
9:02 of 2nd period - Shot Blocked by Dustin Byfuglien.
9:02 of 2nd period - Puck is out of play.
9:03 of 2nd period - Claude Giroux wins face-off versus Derek Stepan in Whalers zone.
9:35 of 2nd period - Snap shot by Josh Bailey.
9:35 of 2nd period - Stopped by Connor Hellebuyck with a rebound.
9:37 of 2nd period - Wrist shot by Valtteri Filppula.
9:37 of 2nd period - Goal by Valtteri Filppula - Whalers : 1 - Capitals : 3.
9:38 of 2nd period - Valtteri Filppula wins face-off versus Derek Stepan in neutral zone.
9:41 of 2nd period - Slapshot by Oliver Ekman-Larsson.
9:41 of 2nd period - Shot Misses the Net.
10:03 of 2nd period - Scott Hartnell is hit by Joakim Nordstrom and loses puck.
10:12 of 2nd period - Snap shot by Scott Hartnell.
10:12 of 2nd period - Shot Misses the Net.
10:32 of 2nd period - Slapshot by Dustin Byfuglien.
10:32 of 2nd period - Shot Blocked by Simon Despres.
10:34 of 2nd period - Slapshot by Dustin Byfuglien.
10:34 of 2nd period - Stopped by Jonathan Quick without a rebound.
10:35 of 2nd period - Valtteri Filppula wins face-off versus Derek Stepan in Capitals zone.
11:00 of 2nd period - Ryan Callahan is hit by Anton Stralman and loses puck.
11:23 of 2nd period - Ben Chiarot is hit by Austin Watson and loses puck.
12:20 of 2nd period - Snap shot by Scott Hartnell.
12:20 of 2nd period - Deflect By Joakim Nordstrom.
12:20 of 2nd period - Shot Misses the Net.
12:20 of 2nd period - Puck is out of play.
12:21 of 2nd period - Darren Helm wins face-off versus Derek Stepan in Capitals zone.
12:28 of 2nd period - Snap shot by Derek Stepan.
12:28 of 2nd period - Shot Misses the Net.
12:30 of 2nd period - Wrist shot by Dustin Byfuglien.
12:30 of 2nd period - Shot Blocked by Darren Helm.
12:32 of 2nd period - Slapshot by Dustin Byfuglien.
12:32 of 2nd period - Shot Blocked by Anders Bjork.
12:42 of 2nd period - Minor Penalty to Darren Helm for Goalie Interference.
12:43 of 2nd period - Derek Stepan wins face-off versus Riley Sheahan in Capitals zone.
12:46 of 2nd period - Wrist shot by Derek Stepan.
12:46 of 2nd period - Stopped by Jonathan Quick without a rebound.
12:47 of 2nd period - Derek Stepan wins face-off versus Riley Sheahan in Capitals zone.
12:54 of 2nd period - Wrist shot by Derek Stepan.
12:54 of 2nd period - Stopped by Jonathan Quick without a rebound.
12:55 of 2nd period - Riley Sheahan wins face-off versus Derek Stepan in Capitals zone.
14:25 of 2nd period - Loui Eriksson is hit by Anders Bjork and loses puck.
14:38 of 2nd period - Austin Watson is hit by Brendan Smith and loses puck.
14:42 of 2nd period - Penalty to Darren Helm is over, Darren Helm is back on ice.
14:55 of 2nd period - Wrist shot by Valtteri Filppula.
14:55 of 2nd period - Stopped by Connor Hellebuyck without a rebound.
14:56 of 2nd period - Valtteri Filppula wins face-off versus Lance Bouma in Whalers zone.
15:09 of 2nd period - Snap shot by Ryan Callahan.
15:09 of 2nd period - Stopped by Jonathan Quick without a rebound.
15:10 of 2nd period - Riley Sheahan wins face-off versus Austin Watson in Capitals zone.
15:22 of 2nd period - Wrist shot by Scott Hartnell.
15:22 of 2nd period - Stopped by Jonathan Quick with a rebound.
15:24 of 2nd period - Slapshot by BROCK BOESER.
15:24 of 2nd period - Deflect By Scott Hartnell.
15:24 of 2nd period - Shot Misses the Net.
15:24 of 2nd period - Puck is out of play.
15:25 of 2nd period - Claude Giroux wins face-off versus Derek Stepan in Capitals zone.
15:29 of 2nd period - Off-side.
15:30 of 2nd period - Claude Giroux wins face-off versus Loui Eriksson in neutral zone.
15:33 of 2nd period - Slapshot by Oliver Ekman-Larsson.
15:33 of 2nd period - Deflect By Phil Kessel.
15:33 of 2nd period - Stopped by Connor Hellebuyck without a rebound.
15:34 of 2nd period - Claude Giroux wins face-off versus Derek Stepan in Whalers zone.
16:02 of 2nd period - Snap shot by Phil Kessel.
16:02 of 2nd period - Stopped by Jonathan Quick without a rebound.
16:03 of 2nd period - Valtteri Filppula wins face-off versus Austin Watson in Capitals zone.
16:03 of 2nd period - Valtteri Filppula is hit by Dennis Wideman.
16:15 of 2nd period - Snap shot by Brock Nelson.
16:15 of 2nd period - Shot Hit the Post.
16:17 of 2nd period - Slapshot by Simon Despres.
16:17 of 2nd period - Shot Blocked by BROCK BOESER.
16:19 of 2nd period - Snap shot by Josh Bailey.
16:19 of 2nd period - Shot Misses the Net.
16:29 of 2nd period - Joakim Nordstrom is hit by Mark Barberio.
16:53 of 2nd period - Dustin Byfuglien is hit by Anton Stralman and loses puck.
17:12 of 2nd period - Wrist shot by Phil Kessel.
17:12 of 2nd period - Stopped by Jonathan Quick with a rebound.
17:37 of 2nd period - Wrist shot by Josh Bailey.
17:37 of 2nd period - Shot Misses the Net.
18:17 of 2nd period - Snap shot by BROCK BOESER.
18:17 of 2nd period - Stopped by Jonathan Quick without a rebound.
18:18 of 2nd period - Valtteri Filppula wins face-off versus Austin Watson in Capitals zone.
18:43 of 2nd period - Darren Helm is hit by Dustin Byfuglien and loses puck.
18:50 of 2nd period - Wrist shot by Loui Eriksson.
18:50 of 2nd period - Shot Blocked by Simon Despres.
19:04 of 2nd period - Snap shot by Claude Giroux.
19:04 of 2nd period - Shot Misses the Net.
19:06 of 2nd period - Snap shot by Simon Despres.
19:06 of 2nd period - Shot Blocked by Dennis Wideman.
19:08 of 2nd period - Snap shot by Tobias Rieder.
19:08 of 2nd period - Shot Hit the Post.
19:33 of 2nd period - Snap shot by Brady Skjei.
19:33 of 2nd period - Shot Blocked by Dennis Wideman.
19:45 of 2nd period - Snap shot by Ryan Callahan.
19:45 of 2nd period - Stopped by Jonathan Quick with a rebound.
19:55 of 2nd period - Snap shot by Lance Bouma.
19:55 of 2nd period - Shot Blocked by Brady Skjei.
19:57 of 2nd period - Wrist shot by Lance Bouma.
19:57 of 2nd period - Shot Misses the Net.
19:59 of 2nd period - Slapshot by Dennis Wideman.
19:59 of 2nd period - Deflect By Kris Versteeg.
19:59 of 2nd period - Stopped by Jonathan Quick with a rebound.
Goals for this period are 0 for Whalers vs 2 for Capitals.
Shots for this period are 14 for Whalers vs 14 for Capitals.

3rd period


0:01 of 3rd period - Derek Stepan wins face-off versus Valtteri Filppula in neutral zone.
0:12 of 3rd period - Snap shot by Phil Kessel.
0:12 of 3rd period - Shot Blocked by Anton Stralman.
0:14 of 3rd period - Wrist shot by Phil Kessel.
0:14 of 3rd period - Shot Misses the Net.
0:51 of 3rd period - Wrist shot by Joakim Nordstrom.
0:51 of 3rd period - Stopped by Connor Hellebuyck with a rebound.
0:53 of 3rd period - Snap shot by Darren Helm.
0:53 of 3rd period - Stopped by Connor Hellebuyck without a rebound.
0:54 of 3rd period - Derek Stepan wins face-off versus Darren Helm in Whalers zone.
1:21 of 3rd period - Wrist shot by Scott Hartnell.
1:21 of 3rd period - Shot Blocked by Brady Skjei.
1:25 of 3rd period - Wrist shot by BROCK BOESER.
1:25 of 3rd period - Shot Misses the Net.
1:27 of 3rd period - Slapshot by BROCK BOESER.
1:27 of 3rd period - Stopped by Jonathan Quick with a rebound.
1:29 of 3rd period - Wrist shot by Scott Hartnell.
1:29 of 3rd period - Deflect By BROCK BOESER.
1:29 of 3rd period - Goal by BROCK BOESER - Whalers : 2 - Capitals : 3.
1:30 of 3rd period - Derek Stepan wins face-off versus Claude Giroux in neutral zone.
1:35 of 3rd period - Snap shot by Phil Kessel.
1:35 of 3rd period - Shot Misses the Net.
1:37 of 3rd period - Wrist shot by Dustin Byfuglien.
1:37 of 3rd period - Stopped by Jonathan Quick without a rebound.
1:38 of 3rd period - Claude Giroux wins face-off versus Derek Stepan in Capitals zone.
2:03 of 3rd period - Slapshot by Anton Stralman.
2:03 of 3rd period - Shot Misses the Net.
2:09 of 3rd period - Wrist shot by Scott Hartnell.
2:09 of 3rd period - Shot Blocked by Anton Stralman.
2:11 of 3rd period - Snap shot by Scott Hartnell.
2:11 of 3rd period - Deflect By BROCK BOESER.
2:11 of 3rd period - Shot Blocked by Josh Bailey.
2:11 of 3rd period - Puck is out of play.
2:12 of 3rd period - Darren Helm wins face-off versus Derek Stepan in Capitals zone.
2:17 of 3rd period - Wrist shot by Anders Bjork.
2:17 of 3rd period - Stopped by Connor Hellebuyck without a rebound.
2:18 of 3rd period - Darren Helm wins face-off versus Loui Eriksson in Whalers zone.
2:19 of 3rd period - Snap shot by Anders Bjork.
2:19 of 3rd period - Stopped by Connor Hellebuyck without a rebound.
2:20 of 3rd period - Derek Stepan wins face-off versus Darren Helm in Whalers zone.
2:51 of 3rd period - Snap shot by Josh Bailey.
2:51 of 3rd period - Shot Misses the Net.
3:34 of 3rd period - Wrist shot by Brandon Pirri.
3:34 of 3rd period - Goal by Brandon Pirri - Whalers : 2 - Capitals : 4.
3:35 of 3rd period - Valtteri Filppula wins face-off versus Derek Stepan in neutral zone.
4:27 of 3rd period - Dustin Byfuglien is hit by Joakim Nordstrom and loses puck.
4:43 of 3rd period - Off-side.
4:44 of 3rd period - Lance Bouma wins face-off versus Riley Sheahan in neutral zone.
5:31 of 3rd period - Slapshot by Lance Bouma.
5:31 of 3rd period - Shot Misses the Net.
5:34 of 3rd period - Icing by Brandon Pirri.
5:35 of 3rd period - Riley Sheahan wins face-off versus Derek Stepan in Capitals zone.
6:28 of 3rd period - Dennis Wideman is hit by Anton Stralman and loses puck.
7:00 of 3rd period - Snap shot by Scott Hartnell.
7:00 of 3rd period - Stopped by Jonathan Quick with a rebound.
7:09 of 3rd period - Off-side.
7:10 of 3rd period - Phil Kessel wins face-off versus Claude Giroux in neutral zone.
7:35 of 3rd period - Ryan Pulock is hit by Josh Bailey and loses puck.
7:48 of 3rd period - Minor Penalty to BROCK BOESER for Interference.
7:49 of 3rd period - Phil Kessel wins face-off versus Claude Giroux in Whalers zone.
9:48 of 3rd period - Penalty to BROCK BOESER is over, BROCK BOESER is back on ice.
10:34 of 3rd period - Icing by Simon Despres.
10:35 of 3rd period - Austin Watson wins face-off versus Darren Helm in Capitals zone.
10:40 of 3rd period - Snap shot by BROCK BOESER.
10:40 of 3rd period - Stopped by Jonathan Quick with a rebound.
10:42 of 3rd period - Slapshot by Dennis Wideman.
10:42 of 3rd period - Shot Misses the Net.
10:44 of 3rd period - Slapshot by Mark Barberio.
10:44 of 3rd period - Stopped by Jonathan Quick with a rebound.
10:58 of 3rd period - Slapshot by Riley Sheahan.
10:58 of 3rd period - Stopped by Connor Hellebuyck without a rebound.
10:59 of 3rd period - Derek Stepan wins face-off versus Riley Sheahan in Whalers zone.
11:03 of 3rd period - Off-side.
11:04 of 3rd period - Phil Kessel wins face-off versus Valtteri Filppula in neutral zone.
11:36 of 3rd period - Slapshot by Claude Giroux.
11:36 of 3rd period - Shot Misses the Net.
11:38 of 3rd period - Slapshot by Oliver Ekman-Larsson.
11:38 of 3rd period - Stopped by Connor Hellebuyck with a rebound.
11:40 of 3rd period - Wrist shot by Claude Giroux.
11:40 of 3rd period - Stopped by Connor Hellebuyck without a rebound.
11:41 of 3rd period - Derek Stepan wins face-off versus Claude Giroux in Whalers zone.
11:54 of 3rd period - Snap shot by Ondrej Palat.
11:54 of 3rd period - Shot Hit the Post.
11:56 of 3rd period - Snap shot by Claude Giroux.
11:56 of 3rd period - Stopped by Connor Hellebuyck with a rebound.
12:08 of 3rd period - Dennis Wideman is hit by Valtteri Filppula and loses puck.
12:27 of 3rd period - Joakim Nordstrom is hit by Lance Bouma and loses puck.
12:50 of 3rd period - Slapshot by Riley Sheahan.
12:50 of 3rd period - Stopped by Connor Hellebuyck without a rebound.
12:51 of 3rd period - Drake Caggiula wins face-off versus Claude Giroux in Whalers zone.
12:56 of 3rd period - Tobias Rieder is hit by Dustin Byfuglien and loses puck.
13:03 of 3rd period - Wrist shot by Byron Froese.
13:03 of 3rd period - Stopped by Jonathan Quick without a rebound.
13:04 of 3rd period - Derek Stepan wins face-off versus Valtteri Filppula in Capitals zone.
13:13 of 3rd period - Snap shot by Phil Kessel.
13:13 of 3rd period - Stopped by Jonathan Quick without a rebound.
13:14 of 3rd period - Valtteri Filppula wins face-off versus Derek Stepan in Capitals zone.
14:03 of 3rd period - Snap shot by Valtteri Filppula.
14:03 of 3rd period - Stopped by Connor Hellebuyck without a rebound.
14:04 of 3rd period - Claude Giroux wins face-off versus Austin Watson in Whalers zone.
14:07 of 3rd period - Wrist shot by Claude Giroux.
14:07 of 3rd period - Stopped by Connor Hellebuyck with a rebound.
15:17 of 3rd period - Minor Penalty to Dustin Byfuglien for Goalie Interference.
15:18 of 3rd period - Claude Giroux wins face-off versus Phil Kessel in Whalers zone.
16:11 of 3rd period - BROCK BOESER is hit by Josh Bailey and loses puck.
16:38 of 3rd period - Wrist shot by Ryan Callahan.
16:38 of 3rd period - Shot Blocked by Brock Nelson.
16:40 of 3rd period - Wrist shot by Drake Caggiula.
16:40 of 3rd period - Stopped by Jonathan Quick with a rebound.
16:42 of 3rd period - Slapshot by Brooks Orpik.
16:42 of 3rd period - Shot Misses the Net.
16:44 of 3rd period - Snap shot by Ryan Callahan.
16:44 of 3rd period - Stopped by Jonathan Quick without a rebound.
16:45 of 3rd period - Claude Giroux wins face-off versus Phil Kessel in Capitals zone.
17:17 of 3rd period - Penalty to Dustin Byfuglien is over, Dustin Byfuglien is back on ice.
17:32 of 3rd period - Ryan Callahan is hit by Joakim Nordstrom.
18:18 of 3rd period - BROCK BOESER is hit by Riley Sheahan and loses puck.
18:33 of 3rd period - Valtteri Filppula is hit by Dustin Byfuglien and loses puck.
19:04 of 3rd period - Snap shot by Lance Bouma.
19:04 of 3rd period - Deflect By Derek Stepan.
19:04 of 3rd period - Shot Misses the Net.
19:04 of 3rd period - Puck is out of play.
19:05 of 3rd period - Darren Helm wins face-off versus Derek Stepan in Capitals zone.
19:25 of 3rd period - Minor Penalty to Anders Bjork for Roughing.
19:26 of 3rd period - Loui Eriksson wins face-off versus Darren Helm in Capitals zone.
19:52 of 3rd period - Brendan Smith is hit by Dustin Byfuglien and loses puck.
Goals for this period are 1 for Whalers vs 1 for Capitals.
Shots for this period are 10 for Whalers vs 12 for Capitals.